[Event "VI Floripa Open 2020"]
[Site "Florianopolis"]
[Date "2020.01.20"]
[Round "1.96"]
[White "Kikuchi Cadilhac, Mariana Sawae"]
[Black "Da Luz, Fabio Rodolfo"]
[Result "1-0"]
[ECO "A00"]
[WhiteElo "1780"]
[BlackElo "1493"]
[Annotator "NA"]
[PlyCount "65"]
[EventDate "2020.01.20"]
[EventType "swiss"]
[EventRounds "10"]
[EventCountry "BRA"]
[SourceTitle "playchess.com"]
[Source "ChessBase"]
[SourceQuality "1"]
[TimeControl "5400+30"]

1. e4 d6 2. d4 g6 3. g3 Bg7 4. Bg2 Nf6 5. Ne2 O-O 6. O-O c6 7. Nbc3 Nbd7 8. h3 Nb6 9. Qd3 d5 10. e5 Nfd7 11. Nd1 f5 12. Nf4 Nb8 13. b3 e6 14. h4 Bh6 15. Nxe6 Qe7 16. Bxh6 Qxe6 17. Bxf8 Kxf8 18. Qe3 Na6 19. Qh6+ Kg8 20. h5 Bd7 21. Bf3 Rf8 22. Kg2 Nc8 23. Rh1 Be8 24. hxg6 Bxg6 25. Bh5 Rf7 26. Bxg6 Qxg6 27. Ne3 Ne7 28. Qxg6+ hxg6 29. Rh2 Rh7 30. Rxh7 Kxh7 31. a4 Nc7 32. c4 dxc4 33. bxc4 {abd} 1-0

[Event "VI Floripa Open 2020"]
[Site "Florianopolis"]
[Date "2020.01.20"]
[Round "1.97"]
[White "Machado, Luiz Fernando"]
[Black "Rodrigues, Natanael Isau"]
[Result "1/2-1/2"]
[ECO "A00"]
[WhiteElo "1492"]
[BlackElo "1775"]
[Annotator "NA"]
[PlyCount "83"]
[EventDate "2020.01.20"]
[EventType "swiss"]
[EventRounds "10"]
[EventCountry "BRA"]
[SourceTitle "playchess.com"]
[Source "ChessBase"]
[SourceQuality "1"]
[TimeControl "5400+30"]

1. e4 c5 2. Nf3 g6 3. d4 cxd4 4. Nxd4 Bg7 5. Nc3 Nc6 6. Be3 Nf6 7. f3 d6 8. Qd2 Nxd4 9. Bxd4 Bd7 10. e5 dxe5 11. Bxe5 Qa5 12. f4 Rd8 13. O-O-O O-O 14. Qe2 Be6 15. a3 Rxd1+ 16. Qxd1 Rd8 17. Qf3 Nd5 18. Bxg7 Kxg7 19. Bc4 Nxc3 20. Bxe6 fxe6 21. Qxc3+ Qxc3 22. bxc3 Kf6 23. Re1 Rd5 24. Re4 Kf5 25. Rb4 Rd7 26. h3 h5 27. g3 a6 28. Rc4 b6 29. a4 a5 30. Rc6 Rd6 31. Rc7 Kf6 32. Rc4 e5 33. Re4 exf4 34. Rxf4+ Ke5 35. Kb2 g5 36. Rc4 e6 37. Kc1 Kf5 38. g4+ hxg4 39. hxg4+ Ke5 40. Kb2 Rd5 41. Kb3 Rd1 42. Rc6 1/2-1/2

[Event "VI Floripa Open 2020"]
[Site "Florianopolis"]
[Date "2020.01.20"]
[Round "1.98"]
[White "Rodrigues, Asafe Costa"]
[Black "Dos Santos, Paulo H. Maximo"]
[Result "1-0"]
[ECO "A00"]
[WhiteElo "1773"]
[BlackElo "1486"]
[Annotator "NA"]
[PlyCount "36"]
[EventDate "2020.01.20"]
[EventType "swiss"]
[EventRounds "10"]
[EventCountry "BRA"]
[SourceTitle "playchess.com"]
[Source "ChessBase"]
[SourceQuality "1"]
[TimeControl "5400+30"]

1. e4 c5 2. Nf3 d6 3. d4 cxd4 4. Nxd4 Nf6 5. Nc3 a6 6. Be2 e5 7. Nb3 Be7 8. Be3 Be6 9. O-O O-O 10. a4 Nc6 11. Qd2 d5 12. exd5 Nxd5 13. Nxd5 Qxd5 14. Rfd1 Qxd2 15. Nxd2 Rad8 16. Bb6 Rb8 17. Nf3 Bd8 18. Bxd8 Rfxd8 {Ilegível} 1-0

[Event "VI Floripa Open 2020"]
[Site "Florianopolis"]
[Date "2020.01.20"]
[Round "1.99"]
[White "De Souza, Carlos Alberto"]
[Black "Jenidarchiche, Douglas Rodrigo"]
[Result "0-1"]
[ECO "A00"]
[WhiteElo "1485"]
[BlackElo "1772"]
[Annotator "NA"]
[PlyCount "62"]
[EventDate "2020.01.20"]
[EventType "swiss"]
[EventRounds "10"]
[EventCountry "BRA"]
[SourceTitle "playchess.com"]
[Source "ChessBase"]
[SourceQuality "1"]
[TimeControl "5400+30"]

1. e4 c5 2. Bc4 d6 3. Nf3 Nf6 4. Nc3 Bg4 5. O-O Nc6 6. h3 Bh5 7. Bb5 e6 8. a3 Be7 9. b4 cxb4 10. axb4 O-O 11. Bxc6 bxc6 12. d4 Qb6 13. Rb1 Rfe8 14. Be3 Qc7 15. Bf4 Bf8 16. e5 Nd5 17. Nxd5 cxd5 18. Rc1 Qc3 19. Qd2 Qxd2 20. Nxd2 dxe5 21. Bxe5 Bxb4 22. c3 Be7 23. Rb1 a5 24. Rb7 a4 25. Rfb1 a3 26. Ra1 Bg6 27. Ra2 Kf8 28. Kf1 f6 29. Bc7 Bd3+ 30. Ke1 Rec8 31. c4 dxc4 0-1

[Event "VI Floripa Open 2020"]
[Site "Florianopolis"]
[Date "2020.01.20"]
[Round "1.100"]
[White "Marques Junior, Marcos Antonio"]
[Black "Andersson, Cristian de Oliveira"]
[Result "1-0"]
[ECO "A00"]
[WhiteElo "1771"]
[BlackElo "1480"]
[Annotator "NA"]
[PlyCount "62"]
[EventDate "2020.01.20"]
[EventType "swiss"]
[EventRounds "10"]
[EventCountry "BRA"]
[SourceTitle "playchess.com"]
[Source "ChessBase"]
[SourceQuality "1"]
[TimeControl "5400+30"]

1. e4 c5 2. Nf3 d6 3. d4 cxd4 4. Nxd4 Nc6 5. c4 e6 6. Nc3 Nf6 7. Be2 Be7 8. O-O O-O 9. a3 Bd7 10. b4 Rc8 11. Bb2 Ne5 12. Qb3 a6 13. Nf3 Ng6 14. Rfe1 Bc6 15. Bf1 b6 16. g3 Qc7 17. Rac1 Qb7 18. Nd2 Rfd8 19. b5 axb5 20. cxb5 Bd7 21. Bg2 e5 22. Bf1 Be6 23. Bc4 d5 24. exd5 Nxd5 25. Nxd5 Bxd5 26. Bxd5 Qd7 27. Bxf7+ Kh8 28. Nc4 Rc5 29. Bxg6 hxg6 30. Nxe5 Qf5 31. Nf7+ Kh7 {abd} 1-0

[Event "VI Floripa Open 2020"]
[Site "Florianopolis"]
[Date "2020.01.20"]
[Round "1.101"]
[White "Santos, Gildemar De Oliveira"]
[Black "Da Rosa, Henrique Jaze Simoes"]
[Result "0-1"]
[ECO "A00"]
[WhiteElo "1479"]
[BlackElo "1763"]
[Annotator "NA"]
[PlyCount "64"]
[EventDate "2020.01.20"]
[EventType "swiss"]
[EventRounds "10"]
[EventCountry "BRA"]
[SourceTitle "playchess.com"]
[Source "ChessBase"]
[SourceQuality "1"]
[TimeControl "5400+30"]

1. c4 c6 2. Nc3 d5 3. cxd5 cxd5 4. d4 Nf6 5. Nf3 Nc6 6. g3 Bf5 7. a3 e6 8. Bg2 Be7 9. O-O O-O 10. Nh4 Bg4 11. Nf3 Qb6 12. e3 h6 13. Re1 Rfd8 14. b4 Rac8 15. Na4 Qc7 16. Nc5 Bxc5 17. dxc5 d4 18. Qd3 Bxf3 19. Bxf3 Ne5 20. Qd1 dxe3 21. Qe2 exf2+ 22. Qxf2 Nd3 23. Qe2 Nxe1 24. Qxe1 Re8 25. Qc3 e5 26. Be3 e4 27. Bg2 Nd5 28. Qe1 Qe5 29. Rc1 Qb2 30. Rd1 Qb3 31. Bc1 Rcd8 32. Qf2 Qxd1+ 0-1

[Event "VI Floripa Open 2020"]
[Site "Florianopolis"]
[Date "2020.01.20"]
[Round "1.102"]
[White "Backes, Jorge Henrique"]
[Black "Andrade, Moacir Belarmino F."]
[Result "1-0"]
[ECO "A00"]
[WhiteElo "1761"]
[BlackElo "1476"]
[Annotator "NA"]
[PlyCount "67"]
[EventDate "2020.01.20"]
[EventType "swiss"]
[EventRounds "10"]
[EventCountry "BRA"]
[SourceTitle "playchess.com"]
[Source "ChessBase"]
[SourceQuality "1"]
[TimeControl "5400+30"]

1. c4 e5 2. g3 Nc6 3. Bg2 Nf6 4. Nc3 Be7 5. e3 O-O 6. Nge2 d6 7. d4 Bg4 8. d5 Nb8 9. f3 Bd7 10. O-O Qc8 11. g4 h6 12. Ng3 c6 13. Bd2 Nh7 14. e4 Bg5 15. Nf5 Bxf5 16. exf5 Qd8 17. b4 Nd7 18. dxc6 bxc6 19. Bxg5 Qxg5 20. Qxd6 Qe3+ 21. Kh1 Qxc3 22. Qxd7 Qxc4 23. Qd6 Qd5 24. Rfd1 Qxd6 25. Rxd6 Rfb8 26. f4 Rxb4 27. fxe5 Rab8 28. Bxc6 Rxg4 29. Re1 Ng5 30. e6 fxe6 31. fxe6 Nh3 32. Rd2 Rg6 33. e7 Rxc6 34. e8=Q+ {abd} 1-0

[Event "VI Floripa Open 2020"]
[Site "Florianopolis"]
[Date "2020.01.20"]
[Round "1.103"]
[White "Lopes, Leonardo Borges"]
[Black "Martinez, Augusto Gonzalez"]
[Result "0-1"]
[ECO "A00"]
[WhiteElo "1466"]
[BlackElo "1772"]
[Annotator "NA"]
[PlyCount "51"]
[EventDate "2020.01.20"]
[EventType "swiss"]
[EventRounds "10"]
[EventCountry "BRA"]
[SourceTitle "playchess.com"]
[Source "ChessBase"]
[SourceQuality "1"]
[TimeControl "5400+30"]

1. c4 Nf6 2. Nc3 e6 3. e4 d5 4. e5 d4 5. exf6 dxc3 6. Nf3 Qxf6 7. bxc3 h6 8. d4 Bd6 9. Qa4+ c6 10. Ba3 Qe7 11. Bxd6 Qxd6 12. Rb1 Nd7 13. Bd3 O-O 14. O-O e5 15. Rfe1 exd4 16. Nxd4 Nf6 17. h3 Qf4 18. Re7 Bxh3 19. Rbxb7 Bxg2 20. Kxg2 Qg4+ 21. Kf1 Qf4 22. Qc2 Rfe8 23. Kg1 Rxe7 24. Rxe7 Rb8 25. Qe2 Qh4 26. Qe5 {Ilegível} 0-1

[Event "VI Floripa Open 2020"]
[Site "Florianopolis"]
[Date "2020.01.20"]
[Round "1.104"]
[White "Gomes, Carlos Henrique Cald"]
[Black "Salvadego, Erika Giovana De O."]
[Result "1/2-1/2"]
[ECO "A00"]
[WhiteElo "1757"]
[BlackElo "1461"]
[Annotator "NA"]
[PlyCount "49"]
[EventDate "2020.01.20"]
[EventType "swiss"]
[EventRounds "10"]
[EventCountry "BRA"]
[SourceTitle "playchess.com"]
[Source "ChessBase"]
[SourceQuality "1"]
[TimeControl "5400+30"]

1. d4 d5 2. c4 e6 3. Nf3 Nf6 4. Bg5 Be7 5. Nc3 O-O 6. e3 c6 7. Bd3 h6 8. Bf4 Nh5 9. Be5 Nd7 10. O-O Nhf6 11. Rc1 dxc4 12. Bxc4 Nxe5 13. Nxe5 Nd5 14. Qf3 Bd6 15. Ne4 Bc7 16. Rfd1 Qe7 17. a3 a5 18. Bd3 a4 19. Ng3 Qg5 20. Ne4 Qe7 21. Qh5 Nf6 22. Qh4 Nd5 23. Qh5 Nf6 24. Qh4 Nd5 25. Qh5 1/2-1/2

[Event "VI Floripa Open 2020"]
[Site "Florianopolis"]
[Date "2020.01.20"]
[Round "1.105"]
[White "Garcia, Erich Douglas Ribeir"]
[Black "Predebon, Eduardo Angonesi"]
[Result "0-1"]
[ECO "A00"]
[WhiteElo "1453"]
[BlackElo "1756"]
[Annotator "NA"]
[PlyCount "61"]
[EventDate "2020.01.20"]
[EventType "swiss"]
[EventRounds "10"]
[EventCountry "BRA"]
[SourceTitle "playchess.com"]
[Source "ChessBase"]
[SourceQuality "1"]
[TimeControl "5400+30"]

1. d4 Nf6 2. c4 c5 3. e3 g6 4. Nf3 Bg7 5. Nc3 O-O 6. Bd3 d6 7. h3 Nbd7 8. O-O b6 9. d5 Bb7 10. e4 a6 11. Bd2 Re8 12. Rb1 e6 13. Rc1 Qc7 14. Qc2 Rac8 15. Bf4 Nh5 16. Bh2 e5 17. Ne2 b5 18. b3 b4 19. g4 Nhf6 20. Kh1 h5 21. gxh5 Nxh5 22. Rg1 Qd8 23. Ng5 Qe7 24. Rcf1 Rc7 25. f4 exf4 26. Bxf4 Nxf4 27. Rxf4 Ne5 28. h4 Bc8 29. Ng3 a5 30. Be2 Bh6 31. Rgf1 {Ilegível} 0-1

[Event "VI Floripa Open 2020"]
[Site "Florianopolis"]
[Date "2020.01.20"]
[Round "1.106"]
[White "Melo, Igor de Souza"]
[Black "Dias Filho, Pedro Stein"]
[Result "1-0"]
[ECO "C06"]
[WhiteElo "1755"]
[BlackElo "1445"]
[Annotator "NA"]
[PlyCount "136"]
[EventDate "2020.01.20"]
[EventType "swiss"]
[EventRounds "10"]
[EventCountry "BRA"]
[SourceTitle "playchess.com"]
[Source "ChessBase"]
[SourceQuality "1"]
[TimeControl "5400+30"]

1. e4 e6 2. d4 d5 3. Nd2 Nf6 4. e5 Nfd7 5. Bd3 c5 6. c3 Nc6 7. Ne2 cxd4 8. cxd4 Be7 9. O-O f6 10. exf6 Nxf6 11. Nf3 O-O 12. Bg5 Ng4 13. Bxe7 Qxe7 14. Ng3 Bd7 15. h3 Nf6 16. Re1 Qb4 17. b3 Rae8 18. a3 Qb6 19. Bc2 h6 20. Qd2 Qd8 21. Re3 Re7 22. Rae1 Qc8 23. Qd3 Be8 24. Ne5 Nxd4 25. Bb1 Nf5 26. Nxf5 exf5 27. Qxf5 Qxf5 28. Bxf5 Bf7 29. Nxf7 Rxe3 30. Nxh6+ gxh6 31. Rxe3 d4 32. Rd3 Rd8 33. g4 Kg7 34. Kh2 Ng8 35. Kg3 Ne7 36. Be4 Nc6 37. Bxc6 bxc6 38. b4 Kg6 39. f4 a5 40. Kf3 a4 41. Ke4 h5 42. Rxd4 Re8+ 43. Kd3 hxg4 44. hxg4 Rh8 45. Rd6+ Kf7 46. Rxc6 Rh3+ 47. Kc2 Rxa3 48. Ra6 Ra2+ 49. Kc3 Ra3+ 50. Kc4 Rf3 51. Rxa4 Rxf4+ 52. Kc5 Rxg4 53. Ra1 Ke7 54. Rd1 Rg5+ 55. Kb6 Rg6+ 56. Kb7 Rg5 57. Kc6 Rg6+ 58. Kc7 Rg5 59. Re1+ Kf8 60. Kb6 Rg6+ 61. Ka5 Rg2 62. b5 Ra2+ 63. Kb6 Rb2 64. Kc6 Rc2+ 65. Kb7 Rc5 66. b6 Rb5 67. Kc7 Rc5+ 68. Kb8 Rd5 1-0

[Event "VI Floripa Open 2020"]
[Site "Florianopolis"]
[Date "2020.01.20"]
[Round "1.107"]
[White "Meirelles, Olyntho Vitoria"]
[Black "Durante, Taina"]
[Result "0-1"]
[ECO "A00"]
[WhiteElo "1440"]
[BlackElo "1752"]
[Annotator "NA"]
[PlyCount "91"]
[EventDate "2020.01.20"]
[EventType "swiss"]
[EventRounds "10"]
[EventCountry "BRA"]
[SourceTitle "playchess.com"]
[Source "ChessBase"]
[SourceQuality "1"]
[TimeControl "5400+30"]

1. e4 c5 2. f4 d6 3. Bc4 e6 4. Nf3 g6 5. c3 Bg7 6. d4 cxd4 7. cxd4 Ne7 8. O-O O-O 9. Nc3 d5 10. exd5 exd5 11. Bb3 Nbc6 12. Be3 Be6 13. Qd2 Na5 14. Qc2 Rc8 15. a3 Nf5 16. Bf2 Qb6 17. Ba2 Nxd4 18. Nxd4 Bxd4 19. Bxd4 Qxd4+ 20. Kh1 Rfd8 21. Rad1 Qb6 22. Qe2 Nc4 23. Bxc4 dxc4 24. Rc1 Rd7 25. Ne4 Qd8 26. Qf2 Bf5 27. Ng3 Bd3 28. Rfe1 b6 29. f5 Qf6 30. Ne4 Bxe4 31. Rxe4 Qxf5 32. Qxf5 gxf5 33. Rf4 c3 34. bxc3 Rxc3 35. Re1 Rxa3 36. Rxf5 Rad3 37. Re8+ Kg7 38. h3 a5 39. Re4 Rc7 40. Rg4+ Kh8 41. Re5 Rd8 42. Rh5 Ra8 43. Rgh4 f6 44. Rg4 Rb7 45. Rf5 Rf7 46. Kg1 0-1

[Event "VI Floripa Open 2020"]
[Site "Florianopolis"]
[Date "2020.01.20"]
[Round "1.108"]
[White "Cordeiro, Yan Henrique"]
[Black "Constantino, Pedro Henrique"]
[Result "1-0"]
[ECO "B52"]
[WhiteElo "1749"]
[BlackElo "1432"]
[Annotator "NA"]
[PlyCount "61"]
[EventDate "2020.01.20"]
[EventType "swiss"]
[EventRounds "10"]
[EventCountry "BRA"]
[SourceTitle "playchess.com"]
[Source "ChessBase"]
[SourceQuality "1"]
[TimeControl "5400+30"]

1. e4 c5 2. Nf3 d6 3. Bb5+ Bd7 4. Bxd7+ Nxd7 5. d4 cxd4 6. Qxd4 Ngf6 7. Nc3 e5 8. Qa4 Be7 9. Nd5 Nxd5 10. exd5 O-O 11. O-O Nb6 12. Qb3 Qd7 13. Be3 Rac8 14. Bxb6 axb6 15. c3 b5 16. Rfe1 Kh8 17. Nd2 f5 18. Nf3 f4 19. a4 bxa4 20. Rxa4 b5 21. Ra5 Rc5 22. Rea1 Rb8 23. Nd2 Qg4 24. f3 Qd7 25. Ne4 Rc7 26. Rxb5 Rd8 27. Rb8 g5 28. Raa8 g4 29. Qb6 gxf3 30. Qxc7 f2+ 31. Kf1 1-0

[Event "VI Floripa Open 2020"]
[Site "Florianopolis"]
[Date "2020.01.20"]
[Round "1.110"]
[White "Souza Jr, Helemberg Cubica De"]
[Black "Ribeiro, Gilnei Guedes"]
[Result "1-0"]
[ECO "B43"]
[WhiteElo "1747"]
[BlackElo "1422"]
[Annotator "NA"]
[PlyCount "105"]
[EventDate "2020.01.20"]
[EventType "swiss"]
[EventRounds "10"]
[EventCountry "BRA"]
[SourceTitle "playchess.com"]
[Source "ChessBase"]
[SourceQuality "1"]
[TimeControl "5400+30"]

1. e4 c5 2. Nf3 e6 3. d4 cxd4 4. Nxd4 a6 5. Nc3 Bb4 6. a3 Ba5 7. Be2 Nf6 8. b4 Bc7 9. Bg5 O-O 10. O-O h6 11. Bh4 b5 12. f4 d6 13. Bf3 e5 14. Nb3 Nbd7 15. Nd5 Bb7 16. fxe5 dxe5 17. Nxc7 Qxc7 18. Qe2 Rac8 19. Rac1 Qc6 20. Na5 Qc7 21. Nxb7 Qxb7 22. c4 bxc4 23. Rxc4 Rc6 24. Rfc1 Rfc8 25. Bf2 Ne8 26. Qd2 Nd6 27. Rxc6 Rxc6 28. Rd1 Qc7 29. Qd5 Kf8 30. Bg3 f6 31. Bf2 Rc1 32. h3 Ke7 33. Kh2 Rxd1 34. Bxd1 Qc4 35. Qxc4 Nxc4 36. a4 Nf8 37. Be2 Nd6 38. Bc5 Ne6 39. Bxd6+ Kxd6 40. Bxa6 Nc7 41. Bd3 Kc6 42. Kg3 g6 43. Kf2 Ne6 44. a5 Nd4 45. a6 Kb6 46. b5 Ne6 47. Ke3 Ng5 48. Bc4 Nh7 49. Bf7 Nf8 50. Kd3 g5 51. Kc4 Nd7 52. Be8 Nc5 53. Kd5 1-0

[Event "VI Floripa Open 2020"]
[Site "Florianopolis"]
[Date "2020.01.20"]
[Round "1.111"]
[White "Ferreira De Souza, Ricardo"]
[Black "Bejarano, Mauricio"]
[Result "1-0"]
[ECO "B51"]
[WhiteElo "1420"]
[BlackElo "1746"]
[Annotator "NA"]
[PlyCount "49"]
[EventDate "2020.01.20"]
[EventType "swiss"]
[EventRounds "10"]
[EventCountry "BRA"]
[SourceTitle "playchess.com"]
[Source "ChessBase"]
[SourceQuality "1"]
[TimeControl "5400+30"]

1. e4 c5 2. Nf3 d6 3. Bb5+ Nd7 4. d4 cxd4 5. Qxd4 Ngf6 6. c4 g6 7. O-O Bg7 8. Nc3 O-O 9. Qd2 Nc5 10. Re1 a6 11. Ba4 Be6 12. b4 Nxa4 13. Nxa4 Nxe4 14. Rxe4 Bxa1 15. Nb2 h5 16. Qh6 f5 17. Qxg6+ Kh8 18. Rxe6 Rf6 19. Qxh5+ Kg7 20. Ng5 Qh8 21. Rxe7+ Kg8 22. Rh7 Qxh7 23. Qxh7+ Kf8 24. Qh8+ Ke7 25. Qxa8 1-0

[Event "VI Floripa Open 2020"]
[Site "Florianopolis"]
[Date "2020.01.20"]
[Round "1.112"]
[White "Encina, Adrian Andres"]
[Black "Jardim, Tamiris Salvador"]
[Result "0-1"]
[ECO "B22"]
[WhiteElo "1740"]
[BlackElo "1418"]
[Annotator "NA"]
[PlyCount "88"]
[EventDate "2020.01.20"]
[EventType "swiss"]
[EventRounds "10"]
[EventCountry "BRA"]
[SourceTitle "playchess.com"]
[Source "ChessBase"]
[SourceQuality "1"]
[TimeControl "5400+30"]

1. e4 c5 2. Nf3 e6 3. c3 Nf6 4. e5 Nd5 5. Bc4 Nb6 6. Bb3 d5 7. d4 c4 8. Bc2 Be7 9. O-O O-O 10. Bf4 N6d7 11. Nbd2 b5 12. Re1 Nc6 13. Nf1 b4 14. g3 bxc3 15. bxc3 Qa5 16. Qd2 Rb8 17. h4 g6 18. a4 Ba6 19. Ne3 Rb7 20. Bg5 f6 21. exf6 Bxf6 22. Nd1 Bg7 23. Kg2 e5 24. dxe5 Ndxe5 25. Nxe5 Nxe5 26. Bh6 Nf3 27. Qe3 Nxe1+ 28. Qxe1 Bxh6 29. Qe6+ Rbf7 30. h5 Bc8 31. Qd6 Rd8 32. Qe5 Bf5 33. hxg6 Bxg6 34. Bxg6 hxg6 35. Rb1 Qxa4 36. Qe6 Kg7 37. Qe5+ Kh7 38. f4 Qc2+ 39. Nf2 Qxb1 40. Qd4 Bg7 41. Qe3 Rb8 42. Kh3 Rb2 43. Qe8 Rxf2 44. Qxf7 Qh1+ 0-1

[Event "VI Floripa Open 2020"]
[Site "Florianopolis"]
[Date "2020.01.20"]
[Round "1.113"]
[White "Sabadin, Rosan"]
[Black "Arndt, Claudio Felipe"]
[Result "0-1"]
[ECO "B13"]
[WhiteElo "1412"]
[BlackElo "1728"]
[Annotator "NA"]
[PlyCount "102"]
[EventDate "2020.01.20"]
[EventType "swiss"]
[EventRounds "10"]
[EventCountry "BRA"]
[SourceTitle "playchess.com"]
[Source "ChessBase"]
[SourceQuality "1"]
[TimeControl "5400+30"]

1. e4 c6 2. d4 d5 3. exd5 cxd5 4. Nf3 Nf6 5. Be2 Nc6 6. O-O Bg4 7. h3 Bh5 8. c3 e6 9. Qb3 Qc8 10. Bg5 Bxf3 11. Bxf3 Be7 12. Nd2 O-O 13. Rfe1 a6 14. Rad1 b5 15. Nf1 Na5 16. Qc2 Qc7 17. Bh4 Rac8 18. Bg3 Bd6 19. Qd3 Bxg3 20. Nxg3 Nc4 21. Qb1 a5 22. b3 Nd6 23. Rc1 Qb6 24. Qd3 Rc7 25. Rc2 Rfc8 26. Rec1 g6 27. Qe3 Kg7 28. h4 b4 29. h5 Nd7 30. h6+ Kg8 31. Be2 Nb5 32. Bxb5 Qxb5 33. Ne2 Qb6 34. c4 dxc4 35. bxc4 Qd6 36. c5 Qe7 37. Nf4 Qg5 38. Nd3 Qxe3 39. fxe3 f5 40. Rf1 Nf6 41. Nf4 Kf7 42. Nh3 Ne4 43. g4 a4 44. Kg2 Rb8 45. Rf4 b3 46. axb3 axb3 47. Rb2 Ra7 48. gxf5 gxf5 49. Rf1 Ra2 50. Rxa2 bxa2 51. Kf3 Nd2+ 0-1

[Event "VI Floripa Open 2020"]
[Site "Florianopolis"]
[Date "2020.01.20"]
[Round "1.114"]
[White "Fontenele, Edson Guilherme Lope"]
[Black "Blau, Vitoria Caroline"]
[Result "0-1"]
[ECO "B70"]
[WhiteElo "1727"]
[BlackElo "1409"]
[Annotator "NA"]
[PlyCount "62"]
[EventDate "2020.01.20"]
[EventType "swiss"]
[EventRounds "10"]
[EventCountry "BRA"]
[SourceTitle "playchess.com"]
[Source "ChessBase"]
[SourceQuality "1"]
[TimeControl "5400+30"]

1. e4 c5 2. Nf3 d6 3. Nc3 Nf6 4. Be2 Nc6 5. O-O g6 6. d4 cxd4 7. Nxd4 Bg7 8. Nxc6 bxc6 9. Bf4 O-O 10. Bf3 Nd7 11. Re1 Bb7 12. Qd2 Ne5 13. Be2 Qc7 14. Rad1 Rfd8 15. a4 a5 16. Qe3 Ba6 17. Bxe5 Bxe5 18. g3 Bxe2 19. Rxe2 Bg7 20. b3 Rac8 21. Nb1 Rd7 22. c3 c5 23. Na3 Qb7 24. Nb5 c4 25. b4 axb4 26. cxb4 Qa6 27. Qa3 Rb7 28. Rd5 Ra8 29. Qc1 c3 30. Ra2 Qc6 31. Nd4 Qc4 0-1

[Event "VI Floripa Open 2020"]
[Site "Florianopolis"]
[Date "2020.01.20"]
[Round "1.115"]
[White "Zottis, Ernani"]
[Black "Panazzolo, Paulo Victor"]
[Result "0-1"]
[ECO "B30"]
[WhiteElo "1404"]
[BlackElo "1727"]
[Annotator "NA"]
[PlyCount "98"]
[EventDate "2020.01.20"]
[EventType "swiss"]
[EventRounds "10"]
[EventCountry "BRA"]
[SourceTitle "playchess.com"]
[Source "ChessBase"]
[SourceQuality "1"]
[TimeControl "5400+30"]

1. e4 c5 2. Bc4 Nc6 3. Nc3 g6 4. Nf3 Bg7 5. O-O Nf6 6. d3 O-O 7. Bf4 a6 8. a3 b5 9. Ba2 Bb7 10. Ne2 d5 11. e5 Nh5 12. Bg5 Nxe5 13. Nxe5 Bxe5 14. c3 Qc7 15. f4 Bd6 16. Qd2 e5 17. f5 e4 18. f6 Bxh2+ 19. Kh1 exd3 20. Bf4 Bxf4 21. Nxf4 Nxf6 22. Nh3 Ne4 23. Qf4 Qxf4 24. Rxf4 Rae8 25. Rd1 c4 26. b3 Ng3+ 27. Kh2 Ne2 28. Rh4 Nxc3 29. Ra1 Re2 30. Bb1 Re1 31. Ng1 Rxb1 32. Rxb1 Nxb1 33. bxc4 dxc4 34. Re4 Nxa3 35. Nh3 b4 36. Re7 c3 37. Nf2 Bc6 38. Rc7 Bb5 39. Ne4 d2 40. Nf2 c2 41. Rxc2 Nxc2 42. Nd1 Be2 43. Nf2 d1=Q 44. Nxd1 Bxd1 45. Kh3 b3 46. Kh4 b2 47. Kg5 b1=Q 48. g4 f6+ 49. Kh6 Qc1+ 0-1

[Event "VI Floripa Open 2020"]
[Site "Florianopolis"]
[Date "2020.01.20"]
[Round "1.116"]
[White "Bonfim, Regina Rodrigues"]
[Black "Nunes, Lucas Alexandre"]
[Result "1-0"]
[ECO "D56"]
[WhiteElo "1726"]
[BlackElo "1388"]
[Annotator "NA"]
[PlyCount "77"]
[EventDate "2020.01.20"]
[EventType "swiss"]
[EventRounds "10"]
[EventCountry "BRA"]
[SourceTitle "playchess.com"]
[Source "ChessBase"]
[SourceQuality "1"]
[TimeControl "5400+30"]

1. d4 d5 2. c4 e6 3. Nf3 Nf6 4. Bg5 Be7 5. e3 Nc6 6. Nc3 O-O 7. Bd3 h6 8. Bh4 b6 9. O-O Ba6 10. b3 Na5 11. cxd5 Bxd3 12. Qxd3 Nxd5 13. Nxd5 Bxh4 14. Nxh4 exd5 15. Nf3 Qd6 16. Qc3 Rac8 17. Rfc1 Nb7 18. b4 Rfe8 19. a4 a5 20. b5 Re7 21. Qc6 Qxc6 22. Rxc6 Nd6 23. Nd2 Ne4 24. Nf3 Nd6 25. Ne5 f6 26. Ng6 Rd7 27. Rac1 Nc4 28. Nh4 Nb2 29. Ra1 Rf7 30. Rc2 g5 31. Rxb2 gxh4 32. Kf1 Re7 33. g3 c5 34. bxc6 Rxc6 35. Rb5 Rd7 36. Rab1 Rdd6 37. Ke1 Kf7 38. R1b3 Ke6 39. h3 {Ilegivel} 1-0

[Event "VI Floripa Open 2020"]
[Site "Florianopolis"]
[Date "2020.01.20"]
[Round "1.117"]
[White "Hataby, Raed"]
[Black "Carneiro, Vitor Roberto Castro"]
[Result "0-1"]
[ECO "B12"]
[WhiteElo "1963"]
[BlackElo "2432"]
[Annotator "ChessBase"]
[PlyCount "86"]
[EventDate "2020.01.20"]
[EventType "swiss"]
[EventRounds "10"]
[EventCountry "BRA"]
[SourceTitle "playchess.com"]
[Source "ChessBase"]
[SourceQuality "1"]
[TimeControl "5400+30"]

1. e4 c6 2. d4 d5 3. e5 Bf5 4. h4 h6 5. g4 Bd7 6. f4 e6 7. h5 c5 8. c3 Qb6 9. Nf3 Nc6 10. Rh2 f6 11. Be3 O-O-O 12. Qb3 Qa5 13. Nbd2 Kb8 14. O-O-O c4 15. Nxc4 dxc4 16. Bxc4 Nge7 17. exf6 gxf6 18. Bxe6 Bxe6 19. Qxe6 Nd5 20. Kb1 Bd6 21. Bc1 Nxf4 22. Bxf4 Bxf4 23. Re2 Rhf8 24. Nh4 Bg5 25. Ng6 Rg8 26. Rf1 Qb5 27. Qe4 Na5 28. Rf5 Qb6 29. Qd3 Rge8 30. Rf1 Rxe2 31. Qxe2 Qd6 32. Re1 Nc6 33. Qf3 a6 34. Qe4 a5 35. a4 Qd7 36. b3 Bd2 37. Rd1 Bxc3 38. d5 Nb4 39. Ne7 Be5 40. d6 Qxe7 41. Qxb4 Rxd6 42. Qe1 Rxd1+ 43. Qxd1 Qd6 0-1

[Event "VI Floripa Open 2020"]
[Site "Florianopolis"]
[Date "2020.01.20"]
[Round "1.118"]
[White "Nunes dos Santos, Rafael"]
[Black "Machado, Antonio Rodrigo"]
[Result "0-1"]
[ECO "A00"]
[WhiteElo "1385"]
[BlackElo "1726"]
[Annotator "NA"]
[PlyCount "54"]
[EventDate "2020.01.20"]
[EventType "swiss"]
[EventRounds "10"]
[EventCountry "BRA"]
[SourceTitle "playchess.com"]
[Source "ChessBase"]
[SourceQuality "1"]
[TimeControl "5400+30"]

1. h3 e5 2. a3 d5 3. g4 Bd6 4. Bg2 c6 5. b4 Be6 6. c3 Nd7 7. e4 Ne7 8. d3 Ng6 9. exd5 cxd5 10. Nf3 Rc8 11. Bb2 O-O 12. h4 Bxg4 13. h5 Nf4 14. Kf1 Nxg2 15. Rg1 Qf6 16. c4 Bxf3 17. Qd2 Nf4 18. c5 Bb8 19. Rxg7+ Qxg7 20. Qxf4 Qg2+ 21. Ke1 exf4 22. Kd2 Qxf2+ 23. Kc3 Be5+ 24. Kb3 Qxb2+ 25. Ka4 Bd1+ 26. Ka5 Bc7+ 27. Kb5 a6# 0-1